 Dungeon Crawl Stone Soup version 0.32-a0-136-gc02482bde3 (webtiles) character file.

Game seed: 9925841928033510368

369 CougarLife the Digger (level 6, -1/44 HPs)
             Began as a Gnoll Earth Elementalist on Feb 10, 2024.
             Slain by Sigmund
             ... wielding a +4 scythe of flaming
              (3 damage)
             ... on level 5 of the Dungeon.
             The game lasted 00:04:09 (3863 turns).

CougarLife the Digger (Gnoll Earth Elementalist)    Turns: 3863, Time: 00:04:10

Health: -1/44      AC:  3    Str:  4    XL:     6   Next: 70%
Magic:  9/14       EV: 13    Int: 20    God:
Gold:   153        SH:  0    Dex: 12    Spells: 11/15 levels left

rFire   . . .        t - +2 dagger (venom)
rCold   + . .        (no shield)
rNeg    . . .        a - +0 robe
rPois   .            (no helmet)
rElec   .            o - +0 cloak
rCorr   +            (no gloves)
SInv    .            (no boots)
Will    .....        (no amulet)
Stlth   +++          q - ring of Puiryhy {rC+ rCorr Str-3 Int+3}
HPRegen 0.27/turn    (no ring)
MPRegen 0.14/turn

%: no passive effects
@: no status effects
A: fangs 1, strong nose, distributed training
a: no special abilities


You were on level 5 of the Dungeon.
You visited 1 branch of the dungeon, and saw 5 of its levels.

You collected 153 gold pieces.

Inventory:

Hand Weapons
 t - a +2 dagger of venom (weapon)
Armour
 a - a +0 robe (worn)
 o - a +0 cloak (worn)
Jewellery
 q - the ring of Puiryhy (left hand) {rC+ rCorr Str-3 Int+3}
   (You found it on level 3 of the Dungeon)

   [ring of resist corrosion]

   Str-3:     It affects your strength (-3).
   Int+3:     It affects your intelligence (+3).
   rC+:       It protects you from cold.
   rCorr:     It protects you from acid and corrosion.
Wands
 j - a wand of roots (5)
 u - a wand of paralysis (8)
Scrolls
 c - 2 scrolls of identify {unknown}
 d - 4 scrolls of enchant armour {unknown}
 e - a scroll of fear {unknown}
 f - 4 scrolls of enchant weapon {unknown}
 g - 2 scrolls of immolation {unknown}
 h - 4 scrolls of teleportation {unknown}
 i - 3 scrolls of fog {unknown}
 m - 2 scrolls of poison {unknown}
 n - a scroll of amnesia {unknown}
 p - a scroll of blinking {unknown}
 v - a scroll of vulnerability {unknown}
Potions
 b - 2 potions of magic
 k - a potion of might {unknown}
 l - a potion of haste {unknown}
 r - a potion of invisibility {unknown}
 s - a potion of attraction {unknown}
 w - a potion of berserk rage {unknown}
 x - a potion of ambrosia {unknown}


   Skills:
 + Level 2.1 Fighting
 + Level 2.1 Short Blades
 + Level 2.1 Long Blades
 + Level 2.1 Axes
 + Level 2.1 Maces & Flails
 + Level 2.1 Polearms
 + Level 2.1 Staves
 + Level 2.1 Ranged Weapons
 + Level 2.1 Throwing
 + Level 2.1 Armour
 + Level 5.1 Dodging
 + Level 4.7 Stealth
 + Level 2.1 Shields
 + Level 2.1 Unarmed Combat
 + Level 5.4 Spellcasting
 + Level 2.7 Conjurations
 + Level 1.7 Hexes
 + Level 1.7 Summonings
 + Level 1.7 Necromancy
 + Level 1.7 Translocations
 + Level 1.7 Fire Magic
 + Level 1.7 Ice Magic
 + Level 1.7 Air Magic
 + Level 5.7 Earth Magic
 + Level 1.7 Alchemy
 + Level 2.4 Invocations
 + Level 2.1 Evocations
 + Level 2.0 Shapeshifting


You had 11 spell levels left.
You knew the following spells:

 Your Spells              Type           Power      Damage    Failure   Level
a - Sandblast             Erth           56%        2d13      1%          1
b - Stone Arrow           Conj/Erth      44%        3d9       6%          3

Your spell library contained the following spells:

 Spells                   Type           Power      Damage    Failure   Level
 Passwall                 Erth           28%        N/A       3%          3
 Foxfire                  Conj/Fire      56%        2x1d6     4%          1
 Momentum Strike          Conj/Tloc      28%        3d8       7%          2
 Blink                    Tloc           24%        N/A       9%          2
 Ensorcelled Hibernation  Hex/Ice        24%        N/A       9%          2
 Lesser Beckoning         Tloc           24%        N/A       9%          2
 Fugue of the Fallen      Necr           12%        N/A       16%         3
 Ozocubu's Armour         Ice            12%        N/A       16%         3
 Brom's Barrelling Bould  Conj/Erth      22%        2d4       19%         4
 Petrify                  Alch/Erth      20%        N/A       24%         4
 Anguish                  Hex/Necr       6%         N/A       47%         4
 Iskenderun's Battlesphe  Conj           16%        2d7       69%         5
 Fireball                 Conj/Fire      7%         3d5       77%         5
 Metabolic Englaciation   Hex/Ice        6%         N/A       83%         5
 Conjure Ball Lightning   Conj/Air       7%         3x3d6     100%        6
 Plasma Beam              Fire/Air       6%         2x1d16    100%        6
 Sculpt Simulacrum        Ice/Alch       6%         N/A       100%        6
 Starburst                Conj/Fire      7%         6d4       100%        6
 Orb of Destruction       Conj           8%         9d6       100%        7


Dungeon Overview and Level Annotations

Branches:
Dungeon (5/15)
 Temple: D:4-7

Altars:
Elyvilon
Sif Muna
Yredelemnul

Annotations:
D:3 1 runed translucent door
D:5 Sigmund


Innate Abilities, Weirdness & Mutations

You have very sharp teeth.
Your uncanny sense of smell can sniff out nearby items.
Your experience applies equally to all skills.


Message History

Sigmund is nearby!
A scorpion comes into view.
Found a white marble altar of Elyvilon.
Casting: Sandblast (safe; 1% risk of failure)
Confirm with . or Enter, or press ? or * to list all spells.
You can't see any susceptible monsters within range! (Use Z to cast anyway.)
Casting: Sandblast (safe; 1% risk of failure)
Confirm with . or Enter, or press ? or * to list all spells.
Aiming: Stone Arrow (dangerous; 6% risk of failure)
Press: ? - help, Shift-Dir - straight line, f - Sigmund
Aim: Sigmund, wielding a +4 scythe of flaming and wearing a +0 robe (asleep, 100% to hit)
The stone arrow hits Sigmund!
Sigmund is heavily wounded.
Sigmund shouts!
Sigmund mumbles some strange words.
Sigmund flickers and vanishes!
Deactivating autopickup; reactivate with Ctrl-A.
A puff of flame appears from out of thin air!
The puff of flame hits you.
You start resting.
Something hits you! Something burns you.
Casting: Stone Arrow (dangerous; 6% risk of failure)
Confirm with . or Enter, or press ? or * to list all spells.
You can't see any susceptible monsters within range! (Use Z to cast anyway.)
Casting: Stone Arrow (dangerous; 6% risk of failure)
Confirm with . or Enter, or press ? or * to list all spells.
You can't see any susceptible monsters within range! (Use Z to cast anyway.)
Casting: Stone Arrow (dangerous; 6% risk of failure)
Confirm with . or Enter, or press ? or * to list all spells.
You don't know that spell.
Casting: Stone Arrow (dangerous; 6% risk of failure)
Confirm with . or Enter, or press ? or * to list all spells.
Aiming: Stone Arrow (dangerous; 6% risk of failure)
Press: ? - help, Shift-Dir - straight line Something hits you!
Something burns you.
* * * LOW HITPOINT WARNING * * *
Something hits you!
* * * LOW HITPOINT WARNING * * *
Something burns you.
You die...

#.....<..#~..♣ ##
#............. ∆...
+..#......)...♣._ ...
#... #.......... ...
#..##....#~..♣. #.##
#.......#~~...~ #..
.#####....###...###.#
.....#......##......#
.....#@..#####......###
........................
#.............).........
#.......................
#.......................
........................
........................
........................
#####..................


There were no monsters in sight!

Vanquished Creatures
  2 bombardier beetles
  2 hounds (D:5)
  Crazy Yiuf (D:2)
  An iguana (D:4)
  A human skeleton (D:3)
  7 adders
  2 dart slugs
  3 ribbon worms
  3 orcs (D:3)
  6 ball pythons
  4 endoplasms
  7 giant cockroaches
  9 goblins
  6 hobgoblins
  7 jackals
  6 quokkas
  5 bats
  2 frilled lizards
  2 kobolds
  7 rats
83 creatures vanquished.

Notes
Turn   | Place    | Note
-------+----------+-------------------------------------------
     0 | D:1      | CougarLife the Gnoll Earth Elementalist began the quest for
                  | the Orb.
     0 | D:1      | Reached XP level 1. HP: 13/13 MP: 6/6
   313 | D:1      | Reached XP level 2. HP: 19/19 MP: 5/7
  1185 | D:2      | Reached skill level 5 in Spellcasting
  1185 | D:2      | Reached XP level 3. HP: 25/25 MP: 3/9
  1247 | D:2      | Reached skill level 1 in Invocations
  1281 | D:2      | Learned a level 3 spell: Stone Arrow
  1490 | D:2      | Reached skill level 1 in Fighting
  1490 | D:2      | Reached skill level 1 in Short Blades
  1490 | D:2      | Reached skill level 1 in Long Blades
  1490 | D:2      | Reached skill level 1 in Axes
  1490 | D:2      | Reached skill level 1 in Maces & Flails
  1490 | D:2      | Reached skill level 1 in Polearms
  1490 | D:2      | Reached skill level 1 in Staves
  1490 | D:2      | Reached skill level 1 in Ranged Weapons
  1490 | D:2      | Reached skill level 1 in Throwing
  1490 | D:2      | Reached skill level 1 in Armour
  1490 | D:2      | Reached skill level 1 in Shields
  1490 | D:2      | Reached skill level 1 in Unarmed Combat
  1490 | D:2      | Reached skill level 1 in Evocations
  1771 | D:2      | Found a runed translucent door.
  1772 | D:2      | Noticed Crazy Yiuf
  1850 | D:2      | Reached skill level 1 in Shapeshifting
  1850 | D:2      | Reached XP level 4. HP: 32/32 MP: 9/11
  2039 | D:2      | Killed Crazy Yiuf
  2040 | D:2      | Reached skill level 1 in Hexes
  2040 | D:2      | Reached skill level 1 in Summonings
  2040 | D:2      | Reached skill level 1 in Necromancy
  2040 | D:2      | Reached skill level 1 in Translocations
  2040 | D:2      | Reached skill level 1 in Fire Magic
  2040 | D:2      | Reached skill level 1 in Ice Magic
  2040 | D:2      | Reached skill level 1 in Air Magic
  2040 | D:2      | Reached skill level 1 in Alchemy
  2306 | D:3      | Reached XP level 5. HP: 37/37 MP: 8/12
  2420 | D:3      | Identified the ring of Puiryhy {rC+ rCorr Str-3 Int+3}
  2681 | D:3      | Found a runed translucent door.
  2681 | D:3      | Noticed a human
  2684 | D:3      | Found a basalt altar of Yredelemnul.
  2690 | D:3      | Reached XP level 6. HP: 44/44 MP: 8/13
  3020 | D:4      | Found a shimmering blue altar of Sif Muna.
  3240 | D:4      | Reached skill level 5 in Dodging
  3705 | D:5      | Entered Level 5 of the Dungeon
  3849 | D:5      | Noticed Sigmund
  3851 | D:5      | Found a white marble altar of Elyvilon.
  3863 | D:5      | HP: 2/44 [something (10)]
  3863 | D:5      | Slain by Sigmund

Illustrated notes

Levels and vault maps discovered:
D:1:      saegor_arrival_simple_d, layout_basic, due_unseen_surprise
D:2:      layout_loops_ring, serial_glass, glass_columns_a, glass_columns_b,
          uniq_crazy_yiuf_cottage
D:3:      minmay_wonky_spiral, layout_rooms, dk_yredelemnul_ordeal,
          grunt_ministairs_12
D:4:      layout_cave_pods, mainiacjoe_overflow_brackets
D:5:      layout_basic, elyvilon_altar_4, minmay_temple_entry_slanted,
          uniq_eustachio, uniq_sigmund

Skill      XL: |  1  2  3  4  5  6 |
---------------+-------------------+-----
Conjurations   | 2 |  2.7
Spellcasting   | 5 |  5.4
Invocations    | 1 2 |  2.4
Fighting       | 1 2 |  2.1
Short Blades   | 1 2 |  2.1
Long Blades    | 1 2 |  2.1
Axes           | 1 2 |  2.1
Maces & Flails | 1 2 |  2.1
Polearms       | 1 2 |  2.1
Staves         | 1 2 |  2.1
Ranged Weapons | 1 2 |  2.1
Throwing       | 1 2 |  2.1
Armour         | 1 2 |  2.1
Shields        | 1 2 |  2.1
Unarmed Combat | 1 2 |  2.1
Evocations     | 1 2 |  2.1
Shapeshifting  | 1 2 |  2.0
Hexes          | 1 |  1.7
Summonings     | 1 |  1.7
Necromancy     | 1 |  1.7
Translocations | 1 |  1.7
Fire Magic     | 1 |  1.7
Ice Magic      | 1 |  1.7
Air Magic      | 1 |  1.7
Alchemy        | 1 |  1.7
Dodging        | 5 |  5.1
Stealth        | |  4.7
Earth Magic    | |  5.7

Action                     |  1- 3 |  4- 6 || total
---------------------------+-------+-------++-------
   Cast: Sandblast         |    48 |    63 ||   111
         Stone Arrow       |       |     4 ||     4
 Armour: Robe              |     3 |    12 ||    15
  Dodge: Dodged            |     3 |    11 ||    14

Table legend: (Time is in decaauts)
 A = Elapsed time spent in this place.
 B = Non-inter-level travel time spent in this place.
 C = Inter-level travel time spent in this place.
 D = Time resting spent in this place.
 E = Time spent auto-exploring this place.
 F = Levels seen in this place.
 G = Mean time per level.
                   A        B        C        D        E       F      G
               +--------+--------+--------+--------+--------+-----+--------+
         Total |   3916 |   3744 |    172 |    115 |   3174 |   5 |  783.2 |
       Dungeon |   3916 |   3744 |    172 |    115 |   3174 |   5 |  783.2 |
               +--------+--------+--------+--------+--------+-----+--------+

Top non-repeatable levels by time:
     D:2: 1120 daAuts
     D:1: 1060 daAuts
     D:4: 866 daAuts
     D:3: 706 daAuts
     D:5: 162 daAuts
